 Dungeon Crawl Stone Soup version 0.28.0-45-g0d030f2227 (webtiles) character file.

Game seed: 11811527534300236584

11040 Mitsuki the Arsonist (level 11, -2/54 HPs)
             Began as a Deep Elf Conjurer on Apr 6, 2022.
             Was an Elder of Vehumet.
             Slain by a gnoll shaman
             ... wielding a +0 trident
              (8 damage)
             ... in a bailey.
             The game lasted 00:39:32 (14119 turns).

Mitsuki the Arsonist (Deep Elf Conjurer)           Turns: 14119, Time: 00:39:32

Health: -2/54      AC:  5    Str:  4    XL:     11   Next: 44%
Magic:  1/29       EV: 11    Int: 34    God:    Vehumet [****..]
Gold:   587        SH:  0    Dex: 11    Spells: 14/34 levels left

rFire   . . .      SeeInvis .   u - +4 lajatang "Brush" {vorpal, rPois rCorr Dex-2 Stlth+}
rCold   . . .      Faith    .   (shield currently unavailable)
rNeg    . . .      Spirit   .   s - +0 troll leather armour
rPois   +          Reflect  .   (no helmet)
rElec   .          Harm     .   l - scarf {shadows}
rCorr   +          Rampage  .   (no gloves)
Will    +....                   j - +0 pair of boots
Stlth   +++.......              (no amulet)
HPRegen 0.98/turn               m - +6 ring of intelligence
MPRegen 0.21/turn               y - ring of wizardry

@: no status effects
A: no striking features
a: Renounce Religion


You were in a bailey.
You worshipped Vehumet.
Vehumet was greatly pleased with you.
You visited 1 branch of the dungeon, and saw 10 of its levels.
You also visited: Bailey.

You collected 587 gold pieces.

Inventory:

Hand Weapons
 u - the +4 lajatang "Brush" (weapon) {vorpal, rPois rCorr Dex-2 Stlth+}
   (You found it on level 5 of the Dungeon)

   It inflicts extra damage upon your enemies.
   Dex:       It affects your dexterity (-2).
   rPois:     It protects you from poison.
   rCorr:     It protects you from acid and corrosion.
   Stlth:     It makes you more stealthy.
Missiles
 x - a curare-tipped dart
 z - a throwing net
Armour
 j - a +0 pair of boots (worn)
 l - a scarf of shadows (worn)
 s - a +0 troll leather armour (worn)
Jewellery
 m - a +6 ring of intelligence (left hand)
 p - a ring of positive energy
 y - a ring of wizardry (right hand)
Wands
 e - a wand of iceblast (4)
 k - a wand of flame (25)
 v - a wand of polymorph (10)
Scrolls
 a - a scroll of fog
 b - 2 scrolls of immolation
 h - 2 scrolls of blinking
 n - 2 scrolls of brand weapon
 r - 2 scrolls of enchant armour
 t - 3 scrolls of vulnerability
Potions
 c - 3 potions of curing
 d - 2 potions of lignification
 f - 3 potions of attraction
 g - a potion of flight {unknown}
 i - 3 potions of degeneration
 o - a potion of mutation
 q - 2 potions of might
 w - a potion of brilliance {unknown}


   Skills:
 - Level 2.4 Dodging
 - Level 2.4 Stealth
 + Level 12.2 Spellcasting
 + Level 11.2 Conjurations
 * Level 13.7 Fire Magic


You had 14 spell levels left.
You knew the following spells:

 Your Spells              Type           Power      Damage    Failure   Level
a - Magic Dart            Conj           100%       1d8       1%          1
b - Searing Ray           Conj           100%       2d8       1%          2
c - Scorch                Fire           100%       2d10      0%          2
d - Iskenderun's Mystic   Conj/Tloc      56%        2d12      1%          4
e - Ignition              Fire           42%        3d12      10%         8
f - Inner Flame           Hex/Fire       61%        N/A       1%          3

Your spell library contained the following spells:

 Spells                   Type           Power      Damage    Failure   Level
 Conjure Flame            Conj/Fire      82%        6-21      1%          3
 Dazzling Flash           Conj/Hex       100%       N/A       1%          3
 Flame Wave               Conj/Fire      82%        2d14      1%          4
 Fulminant Prism          Conj/Hex       28%        3d14      1%          4
 Gell's Gravitas          Tloc           20%        N/A       4%          3
 Lesser Beckoning         Tloc           20%        N/A       4%          3
 Teleport Other           Tloc           20%        N/A       4%          3
 Olgreb's Toxic Radiance  Pois           20%        N/A       4%          4
 Summon Cactus Giant      Summ           10%        N/A       90%         6
 Ozocubu's Refrigeration  Ice            10%        4d7       92%         7


Dungeon Overview and Level Annotations

Branches:
Dungeon (10/15)            Temple (0/1) D:4          Bailey (1/1)
   Lair: D:8-11         Orc: D:9-12

Altars:
Cheibriados
Elyvilon
Hepliaklqana
Okawaru
Ru
Sif Muna
Trog
Vehumet
Wu Jian
Xom
The Shining One

Shops:
D:3 [   D:7 (

Annotations:
D:6 exclusion: boulder beetle
D:8 exclusions: electric eel and 1 more exclusion
D:9 1 runed translucent door


Message History

Casting: Scorch (safe; 0% risk of failure)
Confirm with . or Enter, or press ? or * to list all spells.
You don't have enough magic to cast this spell.
The gnoll shaman hits you with a +0 trident!
* * * LOW HITPOINT WARNING * * *
There is an empty arch of ancient stone, spattered with blood here.
You take 6 damage, and have 12/54 hp.
Casting: Scorch (safe; 0% risk of failure)
Confirm with . or Enter, or press ? or * to list all spells.
Flames lash the gnoll shaman.
The gnoll shaman is moderately wounded.
The gnoll shaman's fire resistance burns away.
* * * LOW MAGIC WARNING * * *
The gnoll shaman hits you with a +0 trident.
* * * LOW HITPOINT WARNING * * *
You take 4 damage, and have 8/54 hp.
You now have 0/29 mp.
You barely miss the gnoll shaman.
The gnoll shaman is moderately wounded.
The gnoll shaman hits you with a +0 trident.
* * * LOW HITPOINT WARNING * * *
You take 4 damage, and have 4/54 hp.
Okay, then.
Aiming: Iceblast
Press: ? - help, Shift-Dir - straight line The mass of ice explodes!
The iceblast engulfs the gnoll shaman but does no damage.
The gnoll shaman is moderately wounded.
You hear a shout!
The gnoll shaman barely misses you.
Casting: Scorch (safe; 0% risk of failure)
Confirm with . or Enter, or press ? or * to list all spells.
You don't know that spell.
Unknown command.
Aiming: Iceblast
Press: ? - help, Shift-Dir - straight line The mass of ice explodes!
The iceblast engulfs the gnoll shaman!
The gnoll shaman is almost dead.
The gnoll shaman is no longer more vulnerable to fire.
The gnoll shaman hits you with a +0 trident!
You die...

♣♣≈≈...# ♣.≈..###
♣♣.≈..# ♣..≈..#
♣..≈..# ### ♣♣..≈..#
#...
♣♣...≈..######..h.
#♣♣♣..)....'...#)))))
#∩..@g).)..'.†.')).8.
#♣♣♣...)...'...#...
♣♣...≈..#####
♣...≈..# ♣...≈..#
♣♣..≈..# ♣♣.≈..#
♣.≈..### ♣♣≈≈...#


You could see a gnoll shaman.

Vanquished Creatures
  Erica (D:8)
  Maggie (D:7)
  2 trolls
  2 hornets (D:9)
  Sigmund (D:3)
  A wraith (D:10)
  23 yaks
  A steam dragon (D:9)
  Duvessa (D:5)
  An acid dragon (D:9)
  5 orc warriors
  3 ice beasts
  2 black bears
  3 sky beasts
  7 wolves
  5 ogres
  A centaur (D:7)
  A phantom (D:7)
  3 kobold brigands
  3 bullfrogs
  3 scorpions
  2 wyvern zombies
  2 gnoll sergeants (Bailey)
  A water moccasin zombie (D:6)
  Dowan (D:5)
  7 howler monkeys
  3 electric eels (D:8)
  A centaur zombie (D:5)
  6 orc priests
  A jelly (D:6)
  6 gnoll shamans
  9 hounds
  A bullfrog skeleton (D:5)
  7 iguanas
  Natasha (thrice) (D:4)
  10 orc wizards
  A scorpion zombie (D:5)
  3 killer bee zombies
  A hound zombie (D:5)
  A howler monkey zombie (D:9)
  20 gnolls
  A howler monkey skeleton (D:6)
  4 adders
  3 shadow imps
  A white imp (D:3)
  2 ufetubi (D:5)
  An adder skeleton (D:2)
  3 worms
  21 orcs
  5 ball pythons
  4 endoplasms
  3 giant cockroaches
  2 hobgoblins
  23 kobolds
  A quokka (D:5)
  3 bats
  2 frilled lizards (D:3)
  8 goblins
  4 rats
  A spectral hobgoblin (D:7)
248 creatures vanquished.

Notes
Turn   | Place    | Note
-------+----------+-------------------------------------------
     0 | D:1      | Mitsuki the Deep Elf Conjurer began the quest for the Orb.
     0 | D:1      | Reached XP level 1. HP: 10/10 MP: 6/6
   296 | D:1      | Reached XP level 2. HP: 15/15 MP: 6/8
   303 | D:1      | Learned a level 2 spell: Searing Ray
   866 | D:2      | Reached skill level 5 in Conjurations
   868 | D:2      | HP: 1/22 [poisoned by an adder]
  1234 | D:2      | Reached XP level 3. HP: 19/19 MP: 6/10
  1404 | D:2      | Found an ornate altar of the Wu Jian Council.
  1611 | D:2      | Learned a level 2 spell: Scorch
  1930 | D:3      | Found Simi's Armour Shoppe.
  1987 | D:3      | Noticed Sigmund
  2468 | D:3      | Found a transporter.
  2483 | D:3      | Noticed an ogre
  2489 | D:3      | Killed an ogre
  2490 | D:3      | Reached skill level 2 in Fire Magic
  2490 | D:3      | Reached XP level 4. HP: 24/24 MP: 6/12
  2543 | D:3      | Found a transporter.
  2605 | D:3      | Killed Sigmund
  2606 | D:3      | Reached skill level 5 in Spellcasting
  2606 | D:3      | Reached skill level 3 in Fire Magic
  2606 | D:3      | Reached XP level 5. HP: 28/28 MP: 3/14
  2606 | D:3      | Reached XP level 6. HP: 32/32 MP: 3/15
  2765 | D:3      | Reached skill level 4 in Fire Magic
  3085 | D:3      | Found a radiant altar of Vehumet.
  3097 | D:3      | Became a worshipper of Vehumet
  3561 | D:3      | Learned a level 4 spell: Iskenderun's Mystic Blast
  4151 | D:4      | Noticed Natasha
  4155 | D:4      | Killed Natasha
  4185 | D:4      | Reached XP level 7. HP: 36/36 MP: 7/17
  4277 | D:4      | Reached skill level 5 in Fire Magic
  4316 | D:4      | Found a staircase to the Ecumenical Temple.
  4326 | D:4      | Noticed Natasha
  4330 | D:4      | Killed Natasha
  4582 | D:4      | Noticed Natasha
  4587 | D:4      | Killed Natasha
  4762 | D:4      | Found a shimmering blue altar of Sif Muna.
  4928 | D:5      | Entered Level 5 of the Dungeon
  4928 | D:5      | Noticed Duvessa
  4928 | D:5      | Noticed Dowan
  4932 | D:5      | Killed Duvessa
  4934 | D:5      | Killed Dowan
  4935 | D:5      | Reached skill level 6 in Fire Magic
  5266 | D:5      | Reached XP level 8. HP: 41/41 MP: 12/20
  5463 | D:5      | Reached skill level 7 in Fire Magic
  5974 | D:5      | Reached * piety under Vehumet
  5974 | D:5      | Offered knowledge of Sandblast by Vehumet.
  6642 | D:5      | Reached skill level 8 in Fire Magic
  6762 | D:5      | Noticed a troll
  7009 | D:5      | Killed a troll
  7010 | D:5      | Reached XP level 9. HP: 35/45 MP: 8/23
  7182 | D:5      | Identified the +4 lajatang "Brush" {vorpal, rPois rCorr
                  | Dex-2 Stlth+}
  7268 | D:6      | Reached skill level 9 in Fire Magic
  7920 | D:6      | Found a bloodstained altar of Trog.
  7920 | D:6      | Noticed a boulder beetle
  8439 | D:7      | Noticed Maggie
  8725 | D:7      | Reached skill level 10 in Fire Magic
  8766 | D:7      | Found Pahenwih's Weapon Boutique.
  8940 | D:7      | Killed Maggie
  9149 | D:7      | Offered knowledge of Freeze by Vehumet.
  9151 | D:7      | Reached ** piety under Vehumet
  9301 | D:7      | Found a hazy altar of Hepliaklqana.
  9340 | D:7      | Found a sacrificial altar of Ru.
  9351 | D:7      | Found a shimmering altar of Xom.
  9893 | D:8      | Reached skill level 10 in Spellcasting
  9893 | D:8      | Reached XP level 10. HP: 43/50 MP: 13/26
  9896 | D:8      | Reached skill level 11 in Fire Magic
 10429 | D:8      | Reached skill level 10 in Conjurations
 10698 | D:8      | Offered knowledge of Frozen Ramparts by Vehumet.
 10893 | D:8      | Found a snail-covered altar of Cheibriados.
 11036 | D:8      | Reached skill level 12 in Fire Magic
 11202 | D:8      | Reached *** piety under Vehumet
 11534 | D:8      | Noticed Erica
 11550 | D:8      | Killed Erica
 11846 | D:9      | Learned a level 8 spell: Ignition
 12199 | D:9      | Reached XP level 11. HP: 54/54 MP: 6/28
 12325 | D:9      | Offered knowledge of Inner Flame by Vehumet.
 12330 | D:9      | Learned a level 3 spell: Inner Flame
 12479 | D:9      | Found a runed translucent door.
 12686 | D:9      | Reached skill level 13 in Fire Magic
 13176 | D:9      | Found a white marble altar of Elyvilon.
 13315 | D:9      | Found a glowing golden altar of the Shining One.
 13411 | D:10     | Entered Level 10 of the Dungeon
 13704 | D:10     | Found an iron altar of Okawaru.
 13746 | D:10     | Found a flagged portal.
 13750 | D:10     | Reached **** piety under Vehumet
 13764 | Bailey   | Entered a bailey
 13853 | Bailey   | Offered knowledge of Conjure Flame by Vehumet.
 14119 | Bailey   | Slain by a gnoll shaman

Illustrated notes

Levels and vault maps discovered:
D:1:      mrwooster_arrival_arrow, layout_basic
D:2:      layout_loops_ring, basic_altar
D:3:      gammafunk_wand_slinger, layout_loops_ring, fiery_altar_vehumet,
          serial_shops, shop_coins, uniq_sigmund
D:4:      layout_basic, mainiacjoe_overflow_surrounded_room,
          minmay_temple_entry_wispy, hangedman_decor_diamond_cutter,
          uniq_natasha
D:5:      kennysheep_windowed_halls, layout_loops_ring, dk_vineyard_2,
          uniq_duvessa
D:6:      layout_layer_cave, overflow_temple_1_default, kennysheep_doodads
D:7:      layout_cave_pods, mainiacjoe_overflow_six_doors_small,
          mainiacjoe_overflow_brackets, nicolae_hepliaklqana_monster_ancestors,
          serial_shops, nicolae_shop_bloodbath_and_beyond,
          minmay_misc_feat_pillars, grunt_ministairs_10,
          nicolae_elevator_lobby_plus, uniq_maggie
D:8:      layout_gridville, mainiacjoe_overflow_paths, erik_lair_island,
          uniq_erica
D:9:      layout_gridville, lemuel_crystal_altar, tso_altar, minmay_st_funbox
D:10:     minmay_flawed_box, layout_cave_pools, amcnicky_altar_gilded,
          enter_bailey_5
Bailey:   bailey_polearm_gnolls_kennysheep, bailey

Skill      XL: |  1  2  3  4  5  6  7  8  9 10 11 |
---------------+----------------------------------+-----
Conjurations   | 5 6 7 8 9 10 11 | 11.2
Spellcasting   | 4 5 6 8 10 11 12 | 12.2
Fire Magic     | 2 3 4 6 8 10 12 13 | 13.7
Dodging        | |  2.4
Stealth        | |  2.4

Action                   |  1- 3 |  4- 6 |  7- 9 | 10-12 || total
-------------------------+-------+-------+-------+-------++-------
Melee: Lajatang          |       |       |    13 |    31 ||    44
 Cast: Magic Dart        |    56 |    18 |   127 |   120 ||   321
       Searing Ray       |     2 |     6 |     5 |    11 ||    24
       Scorch            |     1 |     7 |   105 |    53 ||   166
       Iskenderun's Myst |       |       |    16 |    87 ||   103
       Ignition          |       |       |       |     3 ||     3
       Inner Flame       |       |       |       |     1 ||     1
Evoke: Wand              |       |       |       |     2 ||     2
  Use: Potion            |     2 |       |     1 |       ||     3
       Scroll            |       |       |       |    11 ||    11
Armor: Robe              |     1 |     1 |     3 |       ||     5
       Troll leather arm |       |       |     6 |    20 ||    26
Dodge: Dodged            |     2 |     3 |    38 |    55 ||    98
